 Dungeon Crawl Stone Soup version 0.29.1-2-gbd0b4ee654 (webtiles) character file.

Game seed: 5585822796601953076

214 funnyparkerb the Cudgeller (level 5, 0/67 HPs)
             Began as a Minotaur Berserker on Nov 7, 2022.
             Was a Believer of Trog.
             Slain by a mummy (8 damage)
             ... in an ossuary.
             The game lasted 00:04:02 (3047 turns).

funnyparkerb the Cudgeller (Minotaur Berserker)     Turns: 3047, Time: 00:04:03

Health: 0/67       AC: 11    Str: 23    XL:     5   Next: 60%
Magic:  4/4        EV: 11    Int:  4    God:    Trog [**....]
Gold:   187        SH:  0    Dex: 10    Spells: 4/4 levels left

rFire   . . .      SeeInvis .   a - +0 mace
rCold   . . .      Faith    +   (no shield)
rNeg    . . .      Spirit   .   g - +0 plate armour
rPois   .          Reflect  .   (helmet restricted)
rElec   .          Harm     .   (no cloak)
rCorr   .          Rampage  .   (no gloves)
Will    ++...                   (no boots)
Stlth   ..........              k - amulet of faith
HPRegen 1.21/turn               d - +4 ring of evasion
MPRegen 0.09/turn               (no ring)

@: berserking, strong-willed, regenerating, very quick
A: horns 2, retaliatory headbutt
a: Renounce Religion, Berserk, Trog's Hand


You were in an ossuary.
You worshipped Trog.
Trog was pleased with you.
You visited 1 branch of the dungeon, and saw 4 of its levels.
You also visited: Ossuary.

You collected 187 gold pieces.

Inventory:

Hand Weapons
 a - a +0 mace (weapon)
Armour
 g - a +0 plate armour (worn)
Jewellery
 d - a +4 ring of evasion (left hand)
 k - an amulet of faith (around neck)
Wands
 o - a wand of flame (10)
Scrolls
 c - 3 scrolls of identify {unknown}
 e - a scroll of enchant weapon {unknown}
 f - 2 scrolls of teleportation {unknown}
 h - a scroll of immolation {unknown}
 j - a scroll of enchant armour {unknown}
 n - a scroll of magic mapping {unknown}
 p - a scroll of blinking {unknown}
 q - a scroll of poison {unknown}
 s - a scroll of fog {unknown}
Potions
 b - a potion of ambrosia {unknown}
 i - a potion of mutation {unknown}
 l - a potion of brilliance {unknown}
 m - a potion of haste {unknown}
 r - a potion of cancellation {unknown}


   Skills:
 - Level 3.6 Fighting
 + Level 7.7 Maces & Flails
 - Level 2.4 Armour
 - Level 2.1 Dodging


You had 4 spell levels left.
You didn't know any spells.
Your spell library was empty.

Dungeon Overview and Level Annotations

Branches:
Dungeon (4/15)            Ossuary (1/1)
 Temple: D:4-7

Altars:
Dithmenos

Annotations:
D:4 Menkaure


Innate Abilities, Weirdness & Mutations

You have a pair of horns on your head.
You reflexively headbutt those who attack you in melee.


Message History

There is an empty arch of ancient stone here.
You start resting.
HP restored.
You start waiting.
You feel yourself speed up.
You start waiting.
You recover from your berserk rage. 2 mummies and a hobgoblin zombie come into view.
Okay, then. 2 mummies and an orc zombie come into view.
Your skin crawls.
You feel strong-willed.
You hit the mummy but do no damage. You hit the mummy but do no damage.
The mummy hits you. The mummy hits you!
The orc zombie hits you but does no damage.
You barely miss the mummy.
The hobgoblin zombie closely misses you.
The mummy hits you. The mummy hits you!
* * * LOW HITPOINT WARNING * * *
You are too injured to fight recklessly!
A red film seems to cover your vision as you go berserk!
You feel yourself moving faster!
You feel mighty! The orc zombie barely misses you.
The hobgoblin zombie hits you but does no damage.
You are too injured to fight recklessly!
You are too injured to fight recklessly!
You sock the mummy! You headbutt the mummy.
You destroy the mummy!
Trog accepts your kill. The orc zombie misses you. The mummy hits you!
* * * LOW HITPOINT WARNING * * *
The hobgoblin zombie hits you but does no damage.
The mummy hits you but does no damage.
You barely miss the mummy. You completely miss the mummy.
The orc zombie hits you but does no damage.
The hobgoblin zombie hits you.
* * * LOW HITPOINT WARNING * * *
The mummy hits you!
You die...

.... ##..## ...
....##....##...
...............
...............
.............
#........#
#.MMM..# #Z@Z.#
#....# #....#
#....# #....#
#....# #....#
#....# #.∩∩.#


You could see 3 mummies, a hobgoblin zombie and an orc zombie.

Vanquished Creatures
  An ogre (D:4)
  A mummy (Ossuary)
  A gnoll (D:4)
  4 adders
  A worm (D:3)
  2 dart slugs
  An orc (D:3)
  4 bats
  7 endoplasms
  2 giant cockroaches
  2 gnoll zombies (Ossuary)
  6 goblins
  5 hobgoblins
  5 jackals
  6 kobolds
  2 quokkas
  4 ball pythons
  A frilled lizard (D:1)
  A hobgoblin zombie (Ossuary)
  3 orc zombies (Ossuary)
  4 rats
  A rat zombie (D:4)
64 creatures vanquished.

Notes
Turn   | Place    | Note
-------+----------+-------------------------------------------
     0 | D:1      | funnyparkerb the Minotaur Berserker began the quest for the
                  | Orb.
     0 | D:1      | Reached XP level 1. HP: 19/19 MP: 0/0
    39 | D:1      | Reached skill level 4 in Maces & Flails
   185 | D:1      | Reached XP level 2. HP: 26/26 MP: 1/1
   456 | D:1      | Found a faded altar of an unknown god.
  1111 | D:2      | Reached skill level 5 in Maces & Flails
  1471 | D:2      | Reached XP level 3. HP: 31/31 MP: 2/2
  1489 | D:2      | Reached ** piety under Trog
  2249 | D:3      | Identified the +1 leather armour "Hawyptua" {rF++ MP+9
                  | Int-3}
  2271 | D:3      | Reached skill level 6 in Maces & Flails
  2271 | D:3      | Reached XP level 4. HP: 33/39 MP: 3/3
  2584 | D:3      | Found a shadowy altar of Dithmenos.
  2898 | D:4      | Noticed an ogre
  2901 | D:4      | Killed an ogre
  2902 | D:4      | Reached skill level 7 in Maces & Flails
  2902 | D:4      | Reached XP level 5. HP: 45/45 MP: 4/4
  2910 | D:4      | Noticed Menkaure
  2958 | D:4      | Found a sand-covered staircase.
  2969 | Ossuary  | Entered an ossuary
  3047 | Ossuary  | Slain by a mummy

Illustrated notes

Levels and vault maps discovered:
D:1:      minmay_arrival_open_corners, layout_loops_ring,
          dreamdust_ecumenical_altar_angels_and_demons, hangedman_decor_points,
          chequers_serial_rivers_small_b
D:2:      wad_pebble_path, layout_basic
D:3:      layout_loops_cross, amcnicky_altar_gilded, minmay_misc_feat_room,
          nrook_loot_triangle
D:4:      layout_loops_ring, minmay_temple_entry_junction, enter_ossuary_4,
          uniq_edmund, uniq_eustachio, uniq_menkaure, uniq_duvessa
Ossuary:  ossuary_tomb_3

Skill      XL: |  1  2  3  4 |
---------------+-------------+-----
Maces & Flails | 4 5 6 7 |  7.7
Fighting       | |  3.6
Armour         | |  2.4
Dodging        | |  2.1

Action                   |  1- 3 |  4- 6 || total
-------------------------+-------+-------++-------
Melee: Mace              |    78 |    45 ||   123
       Headbutt          |     7 |     5 ||    12
Invok: Berserk           |       |     3 ||     3
       Trog's Hand       |       |     1 ||     1
Armor: Ring mail         |     2 |       ||     2
       Animal skin       |     1 |       ||     1
       Plate armour      |    38 |    22 ||    60
Dodge: Dodged            |    65 |    23 ||    88
